| Goals | Penalties |
No Goal
|
Brayden Pachal (TBL) for High sticking (Minor) at 4:36 Zachary L'Heureux (NSH) for Holding (Minor) at 7:02
|
1. Predators , Ryan Hartman 3 (Alex Tuch 7, Adrian Kempe 7) at 5:17
2. Lightning , Cole Koepke 1 (Drew O'Connor 1, Morgan Barron 1) at 13:37
|
Brayden Pachal (TBL) for Roughing (Minor) at 8:28 Ethan Bear (NSH) for Holding (Minor) at 10:58 MacKenzie Entwistle (NSH) for Tripping (Minor) at 18:46
|
3. Lightning , Erik Gudbranson 1 (Eeli Tolvanen 6, Ross Colton 4) at 1:42
4. Lightning , Jeff Skinner 1 (Jalen Chatfield 4, Ross Colton 5) at 4:46 (PP)
5. Predators , Adrian Kempe 6 (Alex Tuch 8, Ryan Hartman 9) at 7:15
6. Lightning , Evgenii Dadonov 5 (Johnathan Kovacevic 4, Erik Gudbranson 3) at 9:45
7. Predators , Brandon Hagel 7 (Sam Reinhart 4, Aleksander Barkov 10) at 18:18
8. Predators , Brandon Hagel 8 (Sam Reinhart 5, Aleksander Barkov 11) at 19:05
|
Brandon Hagel (NSH) for Tripping (Minor) at 2:53 Johnathan Kovacevic (TBL) for Slashing (Minor) at 13:42
|
No Goal
|
|
Lightning, Evgeni Malkin - Goal!
Predators, Aleksander Barkov - Shot Misses the Net
Lightning, Jeff Skinner - Goal!
Predators, Sam Reinhart - Stopped by Nikita Tolopilo
|
|
|
Nikita Tolopilo (TBL), 26 saves from 30 shots - (0.867), W, 1-2-0, 65:00 minutes
Andrei Vasilevskiy (NSH), 19 saves from 23 shots - (0.826), OTL, 6-2-3, 64:25 minutes
|
|
1 - Erik Gudbranson (TBL)
2 - Adrian Kempe (NSH)
3 - Brandon Hagel (NSH)
|
Referees : Andrew Wilk and Sean MacFarlane
Linesman : Jesse Marquis and Colin Gates
|
|
| No Game Note
|
|
Level 1 -- Attendance: 6000 (100.00%) -- Ticket Income $996,000
Level 2 -- Attendance: 3729 (74.58%) -- Ticket Income $507,144
Level 3 -- Attendance: 3318 (82.95%) -- Ticket Income $335,118
Level 4 -- Attendance: 3000 (100.00%) -- Ticket Income $204,000
Luxury Box -- Attendance: 635 (63.50%) -- Ticket Income $187,325
Game was played at the Sommet Center.
Total Attendance: 16682 (87.80%)
Total Ticket Income: $2,229,587
Other Income: $111,479
Total Income: $2,341,066
|
| Team Name |
Goals |
Shots |
Shots Attemp |
Shots Blocked |
PIM |
HIT |
PP |
PK |
FO% |
| Lightning |
5 | 23 | 49 | 10 | 6 | 17 | 1 / 4 (25%) | 0 | 46% |
| Predators |
4 | 30 | 59 | 6 | 8 | 24 | 0 / 3 (0%) | 1 | 54% |
Lightning
Predators
Lightning
| 5 vs 5 Forward |
|---|
| Line # | Left Wing | Center | Right Wing | PHY | DF | OF | Wanted % | Time % | Time Play |
| 1 | Evgenii Dadonov | Evgeni Malkin | Jeff Skinner | 0 | 3 | 2 | 40 | 36% | 16:29
|
| 2 | Eeli Tolvanen | Ross Colton | Kaapo Kakko | 0 | 3 | 2 | 30 | 29% | 13:24
|
| 3 | Drew O'Connor | Morgan Barron | Cole Koepke | 2 | 2 | 1 | 15 | 18% | 8:32
|
| 4 | Gage Goncalves | Fedor Svechkov | Yegor Chinakhov | 0 | 2 | 3 | 15 | 17% | 7:44
|
| 5 vs 5 Defense |
|---|
| Line # | Defense | Defense | | PHY | DF | OF | Wanted % | Time % | Time Play |
| 1 | Johnathan Kovacevic | Erik Gudbranson | | 2 | 2 | 1 | 40 | 40% | 18:21
|
| 2 | Brian Dumoulin | Jalen Chatfield | | 1 | 3 | 1 | 30 | 28% | 12:55
|
| 3 | Brayden Pachal | Anthony DeAngelo | | 1 | 2 | 2 | 20 | 28% | 13:00
|
| 4 | Brian Dumoulin | Jalen Chatfield | | 2 | 2 | 1 | 10 | 4% | 1:53
|
| Power Play Forward |
|---|
| Line # | Left Wing | Center | Right Wing | PHY | DF | OF | Wanted % | Time % | Time Play |
| 1 | Evgenii Dadonov | Evgeni Malkin | Jeff Skinner | 2 | 2 | 1 | 51 | 35% | 2:46
|
| 2 | Kaapo Kakko | Fedor Svechkov | Eeli Tolvanen | 2 | 2 | 1 | 49 | 65% | 5:04
|
| Power Play Defense |
|---|
| Line # | Defense | Defense | | PHY | DF | OF | Wanted % | Time % | Time Play |
| 1 | Yegor Chinakhov | Anthony DeAngelo | | 2 | 2 | 1 | 60 | 58% | 4:31
|
| 2 | Ross Colton | Jalen Chatfield | | 2 | 2 | 1 | 40 | 42% | 3:19
|
| Penalty Kill 4 Players Forward |
|---|
| Line # | Center | Wing | PHY | DF | OF | Wanted % | Time % | Time Play |
| 1 | Morgan Barron | Cole Koepke | 3 | 2 | 0 | 60 | 64% | 3:50
|
| 2 | Ross Colton | Drew O'Connor | 3 | 2 | 0 | 40 | 36% | 2:07
|
| Penalty Kill 4 Players Defense |
|---|
| Line # | Defense | Defense | PHY | DF | OF | Wanted % | Time % | Time Play |
| 1 | Brian Dumoulin | Erik Gudbranson | 0 | 5 | 0 | 60 | 43% | 2:33
|
| 2 | Brayden Pachal | Jalen Chatfield | 0 | 5 | 0 | 40 | 57% | 3:24
|
| Penalty Kill 3 Players |
|---|
| Line # | Wing | PHY | DF | OF | Wanted % | Time % | Time Play | Defense | Defense | PHY | DF | OF | Wanted % | Time % | Time Play |
| 1 | Morgan Barron | 3 | 2 | 0 | 60 | 0% | 0:00
| Brian Dumoulin | Erik Gudbranson | 3 | 2 | 0 | 60 | 0% | 0:00
|
| 2 | Cole Koepke | 3 | 2 | 0 | 40 | 0% | 0:00
| Brayden Pachal | Jalen Chatfield | 3 | 2 | 0 | 40 | 0% | 0:00
|
| 4 vs 4 Forward |
|---|
| Line # | Center | Wing | PHY | DF | OF | Wanted % | Time % | Time Play |
| 1 | Evgeni Malkin | Jeff Skinner | 2 | 2 | 1 | 60 | 0% | 0:00
|
| 2 | Eeli Tolvanen | Kaapo Kakko | 2 | 2 | 1 | 40 | 0% | 0:00
|
| 4 vs 4 Defense |
|---|
| Line # | Defense | | PHY | DF | OF | Wanted % | Time % | Time Play |
| 1 | Brian Dumoulin | Erik Gudbranson | 2 | 2 | 1 | 60 | 0% | 0:00
|
| 2 | Johnathan Kovacevic | Jalen Chatfield | 2 | 2 | 1 | 40 | 0% | 0:00
|
| Last Minutes Offensive |
|---|
| Left Wing | Center | Right Wing | Defense | Defense |
| Jeff Skinner | Evgeni Malkin | Evgenii Dadonov | Brian Dumoulin | Anthony DeAngelo |
| Last Minutes Defensive |
|---|
| Left Wing | Center | Right Wing | Defense | Defense |
| Cole Koepke | Morgan Barron | Kaapo Kakko | Brian Dumoulin | Erik Gudbranson |
| Time |
|---|
| Total Forward | Total Defense | Last Minutes Offensive | Last Minutes Defensive |
| 60:00 |
60:00 |
0:00 | 0:04 |
| Extra Forwards |
|---|
| Normal | PowerPlay | Penalty Kill |
|
Evgeni Malkin, Evgenii Dadonov, Kaapo Kakko | Cole Koepke, Morgan Barron | Morgan Barron |
| Extra Defensemen |
|---|
| Normal | PowerPlay | Penalty Kill |
|
Brian Dumoulin, Erik Gudbranson, Jalen Chatfield | Anthony DeAngelo, Brian Dumoulin | Erik Gudbranson |
| Penalty Shots |
|---|
|
Evgeni Malkin, Jeff Skinner, Eeli Tolvanen, Gage Goncalves, Fedor Svechkov |
| Goalie |
|---|
| Nikita Tolopilo, Karel Vejmelka |
| Custom OT Lines Forwards |
|---|
|
Evgeni Malkin, Jeff Skinner, Eeli Tolvanen, Evgenii Dadonov, Kaapo Kakko, Fedor Svechkov, Gage Goncalves, Ross Colton, Morgan Barron, Cole Koepke |
| Custom OT Lines Defensemen |
|---|
|
Anthony DeAngelo, Jalen Chatfield, Brian Dumoulin, Johnathan Kovacevic, Erik Gudbranson |
| Scratches |
|---|
|
Max Sasson (Healthy) |
Predators
| 5 vs 5 Forward |
|---|
| Line # | Left Wing | Center | Right Wing | PHY | DF | OF | Wanted % | Time % | Time Play |
| 1 | Brandon Hagel | Aleksander Barkov | Sam Reinhart | 0 | 2 | 3 | 35 | 33% | 15:14
|
| 2 | Alex Tuch | Ryan Hartman | Adrian Kempe | 0 | 2 | 3 | 34 | 31% | 14:18
|
| 3 | Evan Rodrigues | Zachary L'Heureux | Austin Poganski | 0 | 3 | 2 | 24 | 26% | 11:54
|
| 4 | MacKenzie Entwistle | Logan Shaw | Sam Lafferty | 0 | 4 | 1 | 7 | 10% | 4:43
|
| 5 vs 5 Defense |
|---|
| Line # | Defense | Defense | | PHY | DF | OF | Wanted % | Time % | Time Play |
| 1 | Mario Ferraro | Erik Cernak | | 0 | 4 | 1 | 35 | 35% | 16:06
|
| 2 | Jonas Siegenthaler | Aaron Ekblad | | 0 | 4 | 1 | 32 | 30% | 13:44
|
| 3 | Ethan Bear | Nicolas Hague | | 0 | 4 | 1 | 28 | 34% | 15:54
|
| 4 | Mario Ferraro | Aaron Ekblad | | 0 | 5 | 0 | 5 | 1% | 0:25
|
| Power Play Forward |
|---|
| Line # | Left Wing | Center | Right Wing | PHY | DF | OF | Wanted % | Time % | Time Play |
| 1 | Brandon Hagel | Aleksander Barkov | Sam Reinhart | 0 | 1 | 4 | 52 | 43% | 2:32
|
| 2 | Alex Tuch | Ryan Hartman | Adrian Kempe | 0 | 1 | 4 | 48 | 57% | 3:25
|
| Power Play Defense |
|---|
| Line # | Defense | Defense | | PHY | DF | OF | Wanted % | Time % | Time Play |
| 1 | Aaron Ekblad | Mario Ferraro | | 0 | 3 | 2 | 65 | 51% | 3:02
|
| 2 | Jonas Siegenthaler | Erik Cernak | | 0 | 3 | 2 | 35 | 49% | 2:55
|
| Penalty Kill 4 Players Forward |
|---|
| Line # | Center | Wing | PHY | DF | OF | Wanted % | Time % | Time Play |
| 1 | Aleksander Barkov | Brandon Hagel | 0 | 5 | 0 | 55 | 61% | 4:45
|
| 2 | Ryan Hartman | Sam Reinhart | 0 | 5 | 0 | 45 | 39% | 3:05
|
| Penalty Kill 4 Players Defense |
|---|
| Line # | Defense | Defense | PHY | DF | OF | Wanted % | Time % | Time Play |
| 1 | Aaron Ekblad | Erik Cernak | 0 | 5 | 0 | 70 | 62% | 4:51
|
| 2 | Mario Ferraro | Jonas Siegenthaler | 1 | 4 | 0 | 30 | 38% | 2:59
|
| Penalty Kill 3 Players |
|---|
| Line # | Wing | PHY | DF | OF | Wanted % | Time % | Time Play | Defense | Defense | PHY | DF | OF | Wanted % | Time % | Time Play |
| 1 | Sam Reinhart | 0 | 5 | 0 | 50 | 0% | 0:00
| Erik Cernak | Aaron Ekblad | 0 | 5 | 0 | 70 | 0% | 0:00
|
| 2 | Aleksander Barkov | 0 | 5 | 0 | 50 | 0% | 0:00
| Jonas Siegenthaler | Mario Ferraro | 1 | 4 | 0 | 30 | 0% | 0:00
|
| 4 vs 4 Forward |
|---|
| Line # | Center | Wing | PHY | DF | OF | Wanted % | Time % | Time Play |
| 1 | Aleksander Barkov | Brandon Hagel | 0 | 4 | 1 | 55 | 0% | 0:00
|
| 2 | Ryan Hartman | Sam Reinhart | 0 | 4 | 1 | 45 | 0% | 0:00
|
| 4 vs 4 Defense |
|---|
| Line # | Defense | | PHY | DF | OF | Wanted % | Time % | Time Play |
| 1 | Aaron Ekblad | Erik Cernak | 0 | 4 | 1 | 70 | 0% | 0:00
|
| 2 | Mario Ferraro | Jonas Siegenthaler | 0 | 4 | 1 | 30 | 0% | 0:00
|
| Last Minutes Offensive |
|---|
| Left Wing | Center | Right Wing | Defense | Defense |
| Brandon Hagel | Aleksander Barkov | Sam Reinhart | Aaron Ekblad | Erik Cernak |
| Last Minutes Defensive |
|---|
| Left Wing | Center | Right Wing | Defense | Defense |
| Brandon Hagel | Aleksander Barkov | Sam Reinhart | Erik Cernak | Mario Ferraro |
| Time |
|---|
| Total Forward | Total Defense | Last Minutes Offensive | Last Minutes Defensive |
| 60:00 |
60:00 |
0:04 | 0:00 |
| Extra Forwards |
|---|
| Normal | PowerPlay | Penalty Kill |
|
Aleksander Barkov, Sam Reinhart, Adrian Kempe | Brandon Hagel, Ryan Hartman | Ryan Hartman |
| Extra Defensemen |
|---|
| Normal | PowerPlay | Penalty Kill |
|
Aaron Ekblad, Mario Ferraro, Erik Cernak | Aaron Ekblad, Nicolas Hague | Jonas Siegenthaler |
| Penalty Shots |
|---|
|
Aleksander Barkov, Sam Reinhart, Brandon Hagel, Logan Shaw, Adrian Kempe |
| Goalie |
|---|
| Andrei Vasilevskiy, Jakub Dobes |
| Custom OT Lines Forwards |
|---|
|
Aleksander Barkov, Brandon Hagel, Sam Reinhart, Adrian Kempe, Ryan Hartman, Evan Rodrigues, Alex Tuch, Sam Lafferty, Zachary L'Heureux, Logan Shaw |
| Custom OT Lines Defensemen |
|---|
|
Aaron Ekblad, Mario Ferraro, Erik Cernak, Jonas Siegenthaler, Nicolas Hague |
| Scratches |
|---|
|
Dennis Cholowski (Healthy), Kyle Burroughs (Healthy) |
Play-by-Play
1st period
0:01 of 1st period - Evgeni Malkin wins face-off versus Aleksander Barkov in neutral zone.
0:17 of 1st period - Evgeni Malkin is hit by Erik Cernak and loses puck.
1:04 of 1st period - Shot by Alex Tuch.
1:04 of 1st period - Shot Misses the Net.
1:18 of 1st period - Shot by Alex Tuch.
1:18 of 1st period - Shot Blocked by Johnathan Kovacevic.
1:30 of 1st period - Alex Tuch is hit by Evgeni Malkin and loses puck.
2:33 of 1st period - Anthony DeAngelo is hit by Ethan Bear and loses puck.
4:05 of 1st period - Off-side.
4:06 of 1st period - Ross Colton wins face-off versus Ryan Hartman in neutral zone.
4:15 of 1st period - Shot by Ross Colton.
4:15 of 1st period - Shot Misses the Net.
4:20 of 1st period - Adrian Kempe is hit by Brayden Pachal and loses puck.
4:27 of 1st period - Shot by Alex Tuch.
4:27 of 1st period - Shot Blocked by Brayden Pachal.
4:31 of 1st period - Shot by Alex Tuch.
4:31 of 1st period - Shot Hit the Post.
4:33 of 1st period - Shot by Adrian Kempe.
4:33 of 1st period - Deflect By Ryan Hartman.
4:33 of 1st period - Shot Blocked by Brayden Pachal.
4:36 of 1st period - Minor Penalty to Brayden Pachal for High sticking.
4:37 of 1st period - Aleksander Barkov wins face-off versus Morgan Barron in Lightning zone.
4:37 of 1st period - Aleksander Barkov is hit by Erik Gudbranson.
5:03 of 1st period - Shot by Brandon Hagel.
5:03 of 1st period - Stopped by Nikita Tolopilo without a rebound.
5:04 of 1st period - Morgan Barron wins face-off versus Ryan Hartman in Lightning zone.
5:04 of 1st period - Morgan Barron is hit by Adrian Kempe.
5:19 of 1st period - Shot by Jonas Siegenthaler.
5:19 of 1st period - Shot Blocked by Jalen Chatfield.
5:21 of 1st period - Shot by Erik Cernak.
5:21 of 1st period - Shot Misses the Net.
5:29 of 1st period - Shot by Erik Cernak.
5:29 of 1st period - Stopped by Nikita Tolopilo without a rebound.
5:30 of 1st period - Aleksander Barkov wins face-off versus Morgan Barron in Lightning zone.
5:45 of 1st period - Shot by Brandon Hagel.
5:45 of 1st period - Stopped by Nikita Tolopilo without a rebound.
5:46 of 1st period - Morgan Barron wins face-off versus Ryan Hartman in Lightning zone.
5:57 of 1st period - Erik Gudbranson is hit by Alex Tuch and loses puck.
7:02 of 1st period - Minor Penalty to Zachary L'Heureux for Holding.
7:03 of 1st period - Fedor Svechkov wins face-off versus Aleksander Barkov in Predators zone.
7:18 of 1st period - Shot by Anthony DeAngelo.
7:18 of 1st period - Shot Blocked by Erik Cernak.
7:47 of 1st period - Icing by Jeff Skinner.
7:48 of 1st period - Ryan Hartman wins face-off versus Jeff Skinner in Lightning zone.
7:53 of 1st period - Shot by Sam Reinhart.
7:53 of 1st period - Shot Misses the Net.
8:02 of 1st period - Icing by Evgeni Malkin.
8:03 of 1st period - Evgeni Malkin wins face-off versus Ryan Hartman in Lightning zone.
8:08 of 1st period - Shot by Sam Reinhart.
8:08 of 1st period - Deflect By Ryan Hartman.
8:08 of 1st period - Shot Misses the Net.
8:52 of 1st period - Jonas Siegenthaler is hit by Eeli Tolvanen and loses puck.
8:57 of 1st period - Shot by Anthony DeAngelo.
8:57 of 1st period - Shot Hit the Post.
9:10 of 1st period - Icing by Ethan Bear.
9:11 of 1st period - Morgan Barron wins face-off versus Zachary L'Heureux in Predators zone.
10:20 of 1st period - Shot by Brandon Hagel.
10:20 of 1st period - Stopped by Nikita Tolopilo with a rebound.
10:22 of 1st period - Shot by Sam Reinhart.
10:22 of 1st period - Stopped by Nikita Tolopilo with a rebound.
10:24 of 1st period - Shot by Brandon Hagel.
10:24 of 1st period - Stopped by Nikita Tolopilo without a rebound.
10:25 of 1st period - Ryan Hartman wins face-off versus Evgeni Malkin in Lightning zone.
10:37 of 1st period - Brian Dumoulin is hit by Mario Ferraro and loses puck.
10:56 of 1st period - Shot by Evgenii Dadonov.
10:56 of 1st period - Shot Misses the Net.
11:34 of 1st period - Shot by Eeli Tolvanen.
11:34 of 1st period - Shot Misses the Net.
12:10 of 1st period - Eeli Tolvanen is hit by Logan Shaw and loses puck.
13:07 of 1st period - Shot by Evgenii Dadonov.
13:07 of 1st period - Stopped by Andrei Vasilevskiy without a rebound.
13:08 of 1st period - Ryan Hartman wins face-off versus Evgeni Malkin in Predators zone.
13:34 of 1st period - Shot by Evgeni Malkin.
13:34 of 1st period - Stopped by Andrei Vasilevskiy without a rebound.
13:35 of 1st period - Aleksander Barkov wins face-off versus Morgan Barron in Predators zone.
13:42 of 1st period - Shot by Brandon Hagel.
13:42 of 1st period - Stopped by Nikita Tolopilo without a rebound.
13:43 of 1st period - Aleksander Barkov wins face-off versus Morgan Barron in Lightning zone.
14:15 of 1st period - Shot by Morgan Barron.
14:15 of 1st period - Stopped by Andrei Vasilevskiy without a rebound.
14:16 of 1st period - Evgeni Malkin wins face-off versus Ryan Hartman in Predators zone.
14:54 of 1st period - Icing by Alex Tuch.
14:55 of 1st period - Kaapo Kakko wins face-off versus Ryan Hartman in Predators zone.
15:22 of 1st period - Icing by Erik Cernak.
15:23 of 1st period - Ryan Hartman wins face-off versus Fedor Svechkov in Predators zone.
17:06 of 1st period - Icing by Johnathan Kovacevic.
17:07 of 1st period - Logan Shaw wins face-off versus Evgeni Malkin in Lightning zone.
17:55 of 1st period - Kaapo Kakko is hit by Sam Reinhart and loses puck.
18:12 of 1st period - Shot by Sam Reinhart.
18:12 of 1st period - Shot Blocked by Anthony DeAngelo.
18:14 of 1st period - Shot by Jonas Siegenthaler.
18:14 of 1st period - Shot Misses the Net.
Goals for this period are 0 for Lightning vs 0 for Predators.
Shots for this period are 3 for Lightning vs 7 for Predators.
2nd period
0:01 of 2nd period - Aleksander Barkov wins face-off versus Evgeni Malkin in neutral zone.
0:01 of 2nd period - Aaron Ekblad is hit by Jeff Skinner and loses puck.
1:10 of 2nd period - Shot by Ryan Hartman.
1:10 of 2nd period - Shot Misses the Net.
2:02 of 2nd period - Evan Rodrigues is hit by Erik Gudbranson and loses puck.
2:25 of 2nd period - Brian Dumoulin is hit by Zachary L'Heureux and loses puck.
2:38 of 2nd period - Shot by Eeli Tolvanen.
2:38 of 2nd period - Shot Blocked by Nicolas Hague.
2:40 of 2nd period - Shot by Ross Colton.
2:40 of 2nd period - Shot Misses the Net.
2:42 of 2nd period - Shot by Ross Colton.
2:42 of 2nd period - Stopped by Andrei Vasilevskiy with a rebound.
2:44 of 2nd period - Shot by Jalen Chatfield.
2:44 of 2nd period - Shot Misses the Net.
3:12 of 2nd period - Icing by Brayden Pachal.
3:13 of 2nd period - Sam Reinhart wins face-off versus Yegor Chinakhov in Lightning zone.
3:13 of 2nd period - Aleksander Barkov is hit by Brayden Pachal and loses puck.
3:24 of 2nd period - Shot by Aleksander Barkov.
3:24 of 2nd period - Shot Misses the Net.
3:26 of 2nd period - Shot by Brandon Hagel.
3:26 of 2nd period - Stopped by Nikita Tolopilo without a rebound.
3:27 of 2nd period - Morgan Barron wins face-off versus Logan Shaw in Lightning zone.
3:36 of 2nd period - Anthony DeAngelo is hit by Sam Lafferty and loses puck.
3:46 of 2nd period - Icing by Drew O'Connor.
3:47 of 2nd period - Morgan Barron wins face-off versus Aleksander Barkov in Lightning zone.
4:15 of 2nd period - Drew O'Connor is hit by Brandon Hagel and loses puck.
4:41 of 2nd period - Shot by Kaapo Kakko.
4:41 of 2nd period - Stopped by Andrei Vasilevskiy without a rebound.
4:42 of 2nd period - Ryan Hartman wins face-off versus Fedor Svechkov in Predators zone.
5:17 of 2nd period - Shot by Ryan Hartman.
5:17 of 2nd period - Goal by Ryan Hartman - Lightning : 0 - Predators : 1.
5:18 of 2nd period - Ross Colton wins face-off versus Zachary L'Heureux in neutral zone.
5:25 of 2nd period - Shot by Kaapo Kakko.
5:25 of 2nd period - Shot Misses the Net.
5:27 of 2nd period - Shot by Kaapo Kakko.
5:27 of 2nd period - Shot Misses the Net.
6:10 of 2nd period - Austin Poganski is hit by Eeli Tolvanen and loses puck.
6:27 of 2nd period - Shot by Morgan Barron.
6:27 of 2nd period - Deflect By Drew O'Connor.
6:27 of 2nd period - Shot Misses the Net.
6:33 of 2nd period - Shot by Cole Koepke.
6:33 of 2nd period - Stopped by Andrei Vasilevskiy with a rebound.
6:35 of 2nd period - Shot by Johnathan Kovacevic.
6:35 of 2nd period - Stopped by Andrei Vasilevskiy without a rebound.
6:36 of 2nd period - Aleksander Barkov wins face-off versus Evgeni Malkin in Predators zone.
6:41 of 2nd period - Shot by Aleksander Barkov.
6:41 of 2nd period - Shot Misses the Net.
6:49 of 2nd period - Shot by Sam Reinhart.
6:49 of 2nd period - Stopped by Nikita Tolopilo with a rebound.
7:59 of 2nd period - Gage Goncalves is hit by Aleksander Barkov and loses puck.
8:27 of 2nd period - Icing by Brayden Pachal.
8:28 of 2nd period - Ryan Hartman wins face-off versus Morgan Barron in Lightning zone.
8:28 of 2nd period - Minor Penalty to Brayden Pachal for Roughing.
8:29 of 2nd period - Ryan Hartman wins face-off versus Morgan Barron in Lightning zone.
8:30 of 2nd period - Shot by Aaron Ekblad.
8:30 of 2nd period - Shot Misses the Net.
8:32 of 2nd period - Shot by Alex Tuch.
8:32 of 2nd period - Deflect By Adrian Kempe.
8:32 of 2nd period - Stopped by Nikita Tolopilo without a rebound.
8:33 of 2nd period - Morgan Barron wins face-off versus Ryan Hartman in Lightning zone.
8:39 of 2nd period - Icing by Adrian Kempe.
8:40 of 2nd period - Ryan Hartman wins face-off versus Morgan Barron in Predators zone.
10:23 of 2nd period - Shot by Yegor Chinakhov.
10:23 of 2nd period - Stopped by Andrei Vasilevskiy without a rebound.
10:24 of 2nd period - Evan Rodrigues wins face-off versus Morgan Barron in Predators zone.
10:58 of 2nd period - Minor Penalty to Ethan Bear for Holding.
10:59 of 2nd period - Fedor Svechkov wins face-off versus Aleksander Barkov in Predators zone.
11:00 of 2nd period - Shot by Ross Colton.
11:00 of 2nd period - Stopped by Andrei Vasilevskiy with a rebound.
11:30 of 2nd period - Shot by Ross Colton.
11:30 of 2nd period - Shot Misses the Net.
12:07 of 2nd period - Shot by Anthony DeAngelo.
12:07 of 2nd period - Shot Misses the Net.
12:18 of 2nd period - Icing by Fedor Svechkov.
12:19 of 2nd period - Evan Rodrigues wins face-off versus Fedor Svechkov in Lightning zone.
13:19 of 2nd period - Icing by Drew O'Connor.
13:20 of 2nd period - Ryan Hartman wins face-off versus Morgan Barron in Lightning zone.
13:21 of 2nd period - Shot by Adrian Kempe.
13:21 of 2nd period - Stopped by Nikita Tolopilo with a rebound.
13:27 of 2nd period - Shot by Alex Tuch.
13:27 of 2nd period - Shot Misses the Net.
13:37 of 2nd period - Shot by Cole Koepke.
13:37 of 2nd period - Goal by Cole Koepke - Lightning : 1 - Predators : 1.
13:38 of 2nd period - Evgeni Malkin wins face-off versus Aleksander Barkov in neutral zone.
13:54 of 2nd period - Shot by Jeff Skinner.
13:54 of 2nd period - Stopped by Andrei Vasilevskiy without a rebound.
13:55 of 2nd period - Zachary L'Heureux wins face-off versus Fedor Svechkov in Predators zone.
14:06 of 2nd period - Shot by Anthony DeAngelo.
14:06 of 2nd period - Shot Misses the Net.
14:10 of 2nd period - Shot by Brayden Pachal.
14:10 of 2nd period - Stopped by Andrei Vasilevskiy without a rebound.
14:11 of 2nd period - Evgeni Malkin wins face-off versus Ryan Hartman in Predators zone.
14:16 of 2nd period - Shot by Evgeni Malkin.
14:16 of 2nd period - Shot Misses the Net.
14:21 of 2nd period - Evgeni Malkin is hit by Ethan Bear and loses puck.
14:33 of 2nd period - Evgenii Dadonov is hit by Nicolas Hague and loses puck.
14:38 of 2nd period - Shot by Evgeni Malkin.
14:38 of 2nd period - Stopped by Andrei Vasilevskiy without a rebound.
14:39 of 2nd period - Kaapo Kakko wins face-off versus Aleksander Barkov in Predators zone.
14:43 of 2nd period - Ross Colton is hit by Mario Ferraro and loses puck.
15:13 of 2nd period - Sam Reinhart is hit by Brian Dumoulin and loses puck.
16:12 of 2nd period - Icing by Erik Cernak.
16:13 of 2nd period - Brandon Hagel wins face-off versus Evgeni Malkin in Predators zone.
16:17 of 2nd period - Off-side.
16:18 of 2nd period - Adrian Kempe wins face-off versus Evgeni Malkin in neutral zone.
16:37 of 2nd period - Shot by Alex Tuch.
16:37 of 2nd period - Stopped by Nikita Tolopilo without a rebound.
16:38 of 2nd period - Ross Colton wins face-off versus Zachary L'Heureux in Lightning zone.
16:55 of 2nd period - Shot by Austin Poganski.
16:55 of 2nd period - Stopped by Nikita Tolopilo with a rebound.
17:12 of 2nd period - Nicolas Hague is hit by Ross Colton and loses puck.
18:18 of 2nd period - Johnathan Kovacevic is hit by Alex Tuch and loses puck.
18:46 of 2nd period - Minor Penalty to MacKenzie Entwistle for Tripping.
18:47 of 2nd period - Aleksander Barkov wins face-off versus Fedor Svechkov in Predators zone.
19:11 of 2nd period - Shot by Anthony DeAngelo.
19:11 of 2nd period - Shot Blocked by Ethan Bear.
19:31 of 2nd period - Shot by Sam Reinhart.
19:31 of 2nd period - Shot Misses the Net.
19:38 of 2nd period - Icing by Fedor Svechkov.
19:39 of 2nd period - Aleksander Barkov wins face-off versus Fedor Svechkov in Lightning zone.
19:45 of 2nd period - Icing by Anthony DeAngelo.
19:46 of 2nd period - Fedor Svechkov wins face-off versus Aleksander Barkov in Lightning zone.
Goals for this period are 1 for Lightning vs 1 for Predators.
Shots for this period are 10 for Lightning vs 7 for Predators.
3rd period
0:01 of 3rd period - Evgeni Malkin wins face-off versus Aleksander Barkov in neutral zone.
0:30 of 3rd period - Shot by Jeff Skinner.
0:30 of 3rd period - Stopped by Andrei Vasilevskiy without a rebound.
0:31 of 3rd period - Ryan Hartman wins face-off versus Fedor Svechkov in Predators zone.
0:31 of 3rd period - Aaron Ekblad is hit by Eeli Tolvanen and loses puck.
1:00 of 3rd period - Icing by Erik Gudbranson.
1:01 of 3rd period - Ryan Hartman wins face-off versus Morgan Barron in Lightning zone.
1:23 of 3rd period - Icing by Jonas Siegenthaler.
1:24 of 3rd period - Evgeni Malkin wins face-off versus Ryan Hartman in Predators zone.
1:24 of 3rd period - Evgeni Malkin is hit by Aaron Ekblad.
1:28 of 3rd period - Shot by Evgenii Dadonov.
1:28 of 3rd period - Stopped by Andrei Vasilevskiy without a rebound.
1:29 of 3rd period - Evgeni Malkin wins face-off versus Aleksander Barkov in Predators zone.
1:37 of 3rd period - Icing by Mario Ferraro.
1:38 of 3rd period - Ross Colton wins face-off versus Aleksander Barkov in Predators zone.
1:38 of 3rd period - Ross Colton is hit by Mario Ferraro.
1:40 of 3rd period - Shot by Eeli Tolvanen.
1:40 of 3rd period - Shot Misses the Net.
1:42 of 3rd period - Shot by Erik Gudbranson.
1:42 of 3rd period - Goal by Erik Gudbranson - Lightning : 2 - Predators : 1.
1:43 of 3rd period - Ryan Hartman wins face-off versus Evgeni Malkin in neutral zone.
2:52 of 3rd period - Shot by Aleksander Barkov.
2:52 of 3rd period - Deflect By Brandon Hagel.
2:52 of 3rd period - Shot Blocked by Brian Dumoulin.
2:53 of 3rd period - Minor Penalty to Brandon Hagel for Tripping.
2:54 of 3rd period - Fedor Svechkov wins face-off versus Aleksander Barkov in Predators zone.
3:50 of 3rd period - Shot by Evgenii Dadonov.
3:50 of 3rd period - Deflect By Jeff Skinner.
3:50 of 3rd period - Stopped by Andrei Vasilevskiy with a rebound.
4:22 of 3rd period - Shot by Anthony DeAngelo.
4:22 of 3rd period - Deflect By Morgan Barron.
4:22 of 3rd period - Shot Blocked by Ryan Hartman.
4:44 of 3rd period - Shot by Jalen Chatfield.
4:44 of 3rd period - Shot Misses the Net.
4:46 of 3rd period - Shot by Jeff Skinner.
4:46 of 3rd period - Goal by Jeff Skinner - Lightning : 3 - Predators : 1.
4:47 of 3rd period - Logan Shaw wins face-off versus Morgan Barron in neutral zone.
5:52 of 3rd period - Shot by Kaapo Kakko.
5:52 of 3rd period - Shot Blocked by Jonas Siegenthaler.
6:02 of 3rd period - Shot by Zachary L'Heureux.
6:02 of 3rd period - Stopped by Nikita Tolopilo with a rebound.
6:04 of 3rd period - Shot by Mario Ferraro.
6:04 of 3rd period - Stopped by Nikita Tolopilo with a rebound.
6:14 of 3rd period - Shot by Evan Rodrigues.
6:14 of 3rd period - Shot Blocked by Brian Dumoulin.
6:22 of 3rd period - Shot by Zachary L'Heureux.
6:22 of 3rd period - Stopped by Nikita Tolopilo with a rebound.
6:49 of 3rd period - Shot by Brandon Hagel.
6:49 of 3rd period - Shot Blocked by Brian Dumoulin.
6:51 of 3rd period - Shot by Brandon Hagel.
6:51 of 3rd period - Stopped by Nikita Tolopilo with a rebound.
6:57 of 3rd period - Shot by Aleksander Barkov.
6:57 of 3rd period - Shot Misses the Net.
7:15 of 3rd period - Shot by Adrian Kempe.
7:15 of 3rd period - Goal by Adrian Kempe - Lightning : 3 - Predators : 2.
7:16 of 3rd period - Evgeni Malkin wins face-off versus Ryan Hartman in neutral zone.
7:53 of 3rd period - Off-side.
7:54 of 3rd period - Aleksander Barkov wins face-off versus Fedor Svechkov in neutral zone.
8:24 of 3rd period - Icing by Anthony DeAngelo.
8:25 of 3rd period - Yegor Chinakhov wins face-off versus Zachary L'Heureux in Lightning zone.
9:07 of 3rd period - Off-side.
9:08 of 3rd period - Aleksander Barkov wins face-off versus Evgeni Malkin in neutral zone.
9:45 of 3rd period - Shot by Evgenii Dadonov.
9:45 of 3rd period - Goal by Evgenii Dadonov - Lightning : 4 - Predators : 2.
9:46 of 3rd period - Morgan Barron wins face-off versus Adrian Kempe in neutral zone.
10:00 of 3rd period - Icing by Jonas Siegenthaler.
10:01 of 3rd period - Ryan Hartman wins face-off versus Ross Colton in Predators zone.
10:48 of 3rd period - Icing by Erik Gudbranson.
10:49 of 3rd period - Aleksander Barkov wins face-off versus Morgan Barron in Lightning zone.
10:50 of 3rd period - Shot by Sam Reinhart.
10:50 of 3rd period - Shot Misses the Net.
11:05 of 3rd period - Drew O'Connor is hit by Mario Ferraro and loses puck.
11:15 of 3rd period - Brandon Hagel is hit by Johnathan Kovacevic and loses puck.
11:39 of 3rd period - Cole Koepke is hit by Nicolas Hague and loses puck.
11:54 of 3rd period - Icing by Ethan Bear.
11:55 of 3rd period - Evgeni Malkin wins face-off versus Zachary L'Heureux in Predators zone.
11:55 of 3rd period - Evgeni Malkin is hit by Nicolas Hague.
11:57 of 3rd period - Shot by Evgenii Dadonov.
11:57 of 3rd period - Shot Blocked by Nicolas Hague.
12:09 of 3rd period - Shot by Evgenii Dadonov.
12:09 of 3rd period - Shot Misses the Net.
12:20 of 3rd period - Off-side.
12:21 of 3rd period - Ryan Hartman wins face-off versus Ross Colton in neutral zone.
13:07 of 3rd period - Off-side.
13:08 of 3rd period - Evgeni Malkin wins face-off versus Aleksander Barkov in neutral zone.
13:21 of 3rd period - Shot by Brandon Hagel.
13:21 of 3rd period - Stopped by Nikita Tolopilo with a rebound.
13:31 of 3rd period - Shot by Brandon Hagel.
13:31 of 3rd period - Stopped by Nikita Tolopilo without a rebound.
13:32 of 3rd period - Fedor Svechkov wins face-off versus Zachary L'Heureux in Lightning zone.
13:32 of 3rd period - Fedor Svechkov is hit by Zachary L'Heureux.
13:35 of 3rd period - Icing by Johnathan Kovacevic.
13:36 of 3rd period - Zachary L'Heureux wins face-off versus Fedor Svechkov in Lightning zone.
13:40 of 3rd period - Zachary L'Heureux is hit by Johnathan Kovacevic and loses puck.
13:42 of 3rd period - Minor Penalty to Johnathan Kovacevic for Slashing.
13:43 of 3rd period - Aleksander Barkov wins face-off versus Morgan Barron in Lightning zone.
13:43 of 3rd period - Brandon Hagel is hit by Erik Gudbranson and loses puck.
14:14 of 3rd period - Shot by Sam Reinhart.
14:14 of 3rd period - Shot Blocked by Brayden Pachal.
14:25 of 3rd period - Aleksander Barkov is hit by Erik Gudbranson and loses puck.
14:37 of 3rd period - Off-side.
14:38 of 3rd period - Ryan Hartman wins face-off versus Ross Colton in neutral zone.
15:03 of 3rd period - Icing by Alex Tuch.
15:04 of 3rd period - Morgan Barron wins face-off versus Ryan Hartman in Predators zone.
15:40 of 3rd period - Brian Dumoulin is hit by Brandon Hagel and loses puck.
16:17 of 3rd period - Evgeni Malkin is hit by Nicolas Hague.
16:20 of 3rd period - Icing by Nicolas Hague.
16:21 of 3rd period - Ross Colton wins face-off versus Zachary L'Heureux in Predators zone.
16:24 of 3rd period - Shot by Eeli Tolvanen.
16:24 of 3rd period - Shot Misses the Net.
17:07 of 3rd period - Off-side.
17:08 of 3rd period - Ryan Hartman wins face-off versus Fedor Svechkov in neutral zone.
17:12 of 3rd period - Off-side.
17:13 of 3rd period - Evgeni Malkin wins face-off versus Ryan Hartman in neutral zone.
17:28 of 3rd period - Shot by Evgeni Malkin.
17:28 of 3rd period - Stopped by Andrei Vasilevskiy with a rebound.
18:11 of 3rd period - Shot by Yegor Chinakhov.
18:11 of 3rd period - Stopped by Andrei Vasilevskiy without a rebound.
18:12 of 3rd period - Aleksander Barkov wins face-off versus Ross Colton in Predators zone.
18:18 of 3rd period - Shot by Brandon Hagel.
18:18 of 3rd period - Goal by Brandon Hagel - Lightning : 4 - Predators : 3.
18:19 of 3rd period - Aleksander Barkov wins face-off versus Ross Colton in neutral zone.
18:30 of 3rd period - Predators, Andrei Vasilevskiy is pulled from the net.
18:32 of 3rd period - Shot by Sam Reinhart.
18:32 of 3rd period - Shot Misses the Net.
18:34 of 3rd period - Shot by Jonas Siegenthaler.
18:34 of 3rd period - Shot Misses the Net.
18:38 of 3rd period - Shot by Sam Reinhart.
18:38 of 3rd period - Stopped by Nikita Tolopilo with a rebound.
18:40 of 3rd period - Shot by Sam Reinhart.
18:40 of 3rd period - Stopped by Nikita Tolopilo without a rebound.
18:41 of 3rd period - Fedor Svechkov wins face-off versus Zachary L'Heureux in Lightning zone.
18:51 of 3rd period - Shot by Evan Rodrigues.
18:51 of 3rd period - Shot Blocked by Brian Dumoulin.
18:53 of 3rd period - Shot by Zachary L'Heureux.
18:53 of 3rd period - Stopped by Nikita Tolopilo without a rebound.
18:54 of 3rd period - Aleksander Barkov wins face-off versus Evgeni Malkin in Lightning zone.
18:55 of 3rd period - Shot by Sam Reinhart.
18:55 of 3rd period - Shot Misses the Net.
19:01 of 3rd period - Shot by Sam Reinhart.
19:01 of 3rd period - Stopped by Nikita Tolopilo without a rebound.
19:02 of 3rd period - Aleksander Barkov wins face-off versus Morgan Barron in Lightning zone.
19:05 of 3rd period - Shot by Brandon Hagel.
19:05 of 3rd period - Goal by Brandon Hagel - Lightning : 4 - Predators : 4.
19:05 of 3rd period - Andrei Vasilevskiy from Predators was sent back in the game.
19:06 of 3rd period - Ryan Hartman wins face-off versus Evgeni Malkin in neutral zone.
19:06 of 3rd period - Adrian Kempe is hit by Jeff Skinner and loses puck.
19:27 of 3rd period - Icing by Erik Gudbranson.
19:28 of 3rd period - Evgeni Malkin wins face-off versus Aleksander Barkov in Lightning zone.
19:33 of 3rd period - Shot by Brandon Hagel.
19:33 of 3rd period - Shot Misses the Net.
19:37 of 3rd period - Shot by Brandon Hagel.
19:37 of 3rd period - Shot Misses the Net.
19:43 of 3rd period - Shot by Brandon Hagel.
19:43 of 3rd period - Stopped by Nikita Tolopilo without a rebound.
19:44 of 3rd period - Ross Colton wins face-off versus Ryan Hartman in Lightning zone.
19:44 of 3rd period - Ross Colton is hit by Alex Tuch.
19:56 of 3rd period - Shot by Eeli Tolvanen.
19:56 of 3rd period - Stopped by Andrei Vasilevskiy without a rebound.
19:57 of 3rd period - Aleksander Barkov wins face-off versus Fedor Svechkov in Predators zone.
19:57 of 3rd period - Aleksander Barkov is hit by Gage Goncalves.
Goals for this period are 3 for Lightning vs 3 for Predators.
Shots for this period are 9 for Lightning vs 14 for Predators.
Overtime #1
0:01 of 1st overtime period - Aleksander Barkov wins face-off versus Evgeni Malkin in neutral zone.
1:24 of 1st overtime period - Shot by Sam Reinhart.
1:24 of 1st overtime period - Stopped by Nikita Tolopilo without a rebound.
1:25 of 1st overtime period - Evgeni Malkin wins face-off versus Ryan Hartman in Lightning zone.
2:40 of 1st overtime period - Shot by Brandon Hagel.
2:40 of 1st overtime period - Stopped by Nikita Tolopilo with a rebound.
3:11 of 1st overtime period - Shot by Fedor Svechkov.
3:11 of 1st overtime period - Shot Misses the Net.
4:32 of 1st overtime period - Shot by Jeff Skinner.
4:32 of 1st overtime period - Shot Misses the Net.
4:36 of 1st overtime period - Shot by Jeff Skinner.
4:36 of 1st overtime period - Shot Misses the Net.
4:38 of 1st overtime period - Shot by Anthony DeAngelo.
4:38 of 1st overtime period - Stopped by Andrei Vasilevskiy without a rebound.
4:39 of 1st overtime period - Eeli Tolvanen wins face-off versus Ryan Hartman in Predators zone.
Goals for this period are 0 for Lightning vs 0 for Predators.
Shots for this period are 1 for Lightning vs 2 for Predators.
ShootOut
5:00 of 1st overtime period - Round #1.
5:00 of 1st overtime period - Lightning, Evgeni Malkin.
5:00 of 1st overtime period - Goal by Evgeni Malkin.
5:00 of 1st overtime period - Predators, Aleksander Barkov.
5:00 of 1st overtime period - Shot Misses the Net.
5:00 of 1st overtime period - Round #2.
5:00 of 1st overtime period - Lightning, Jeff Skinner.
5:00 of 1st overtime period - Goal by Jeff Skinner.
5:00 of 1st overtime period - Predators, Sam Reinhart.
5:00 of 1st overtime period - Stopped by Nikita Tolopilo.
5:00 of 1st overtime period - Round #3.